 Dungeon Crawl Stone Soup version 0.28.0-53-g5a82cb258f (webtiles) character file.

Game seed: 18236761754034721164

50024 Gabide the Nimble (level 14, -12/97 (101) HPs)
             Began as a Gnoll Monk on May 31, 2022.
             Was the Champion of Hepliaklqana.
             Mangled by a spectral anaconda (14 damage)
             ... on level 6 of the Lair of Beasts.
             The game lasted 00:46:00 (20579 turns).

Gabide the Nimble (Gnoll Monk)                     Turns: 20579, Time: 00:46:01

HP:   -12/97 (101)  AC: 22    Str: 10    XL:     14   Next: 53%
MP:   0/27          EV: 18    Int: 10    God:    Hepliaklqana [******]
Gold: 400           SH:  0    Dex: 22    Spells: 22/31 levels left

rFire   . . .      SeeInvis .   O - +7 mace of Variability {chain chaos}
rCold   . . .      Faith    .   (shield currently unavailable)
rNeg    . . .      Spirit   +   E - +1 steam dragon scales
rPois   .          Reflect  .   R - +2 helmet
rElec   .          Harm     .   (no cloak)
rCorr   .          Rampage  .   c - +2 pair of gloves
Will    ++...      Clarity  +   d - +2 pair of boots
Stlth   ++++++....              h - amulet of guardian spirit
HPRegen 0.26/turn               k - +4 ring of protection
MPRegen 0.20/turn               g - ring of willpower

@: mighty, constricted, lightly drained
A: reduced essence, fangs 1, strong nose, distributed training, thin skeletal
structure 1, clarity
a: Renounce Religion, Recall Ancestor, Ancestor Identity, Transference, Idealise


You were on level 6 of the Lair of Beasts.
You worshipped Hepliaklqana.
Hepliaklqana was exalted by your worship.
You visited 4 branches of the dungeon, and saw 17 of its levels.
You also visited: Sewer.

You collected 1002 gold pieces.
You spent 602 gold pieces at shops.

Inventory:

Hand Weapons
 t - a +2 glaive of flaming
 w - a +0 trident
 F - a +2 halberd
 O - the +7 mace of Variability (weapon) {chain chaos}
   (You found it on level 1 of the Lair of Beasts)

   Each time it hits an enemy it has a different, random effect.
   It occasionally unleashes arcs of chaos on nearby creatures upon striking a
   foe.
Missiles
 l - 5 poisoned darts
 y - 15 boomerangs
 H - 3 throwing nets
Armour
 c - a +2 pair of gloves (worn)
 d - a +2 pair of boots (worn)
 D - a +2 robe of cold resistance
 E - +1 steam dragon scales (worn)
 R - a +2 helmet (worn)
Jewellery
 a - the ring of Departure {+Blink rPois rCorr}
   (You bought it in a shop on level 3 of the Dungeon)

   [ring of resist corrosion]

   rPois:     It protects you from poison.
   +Blink:    It lets you blink.
   rCorr:     It protects you from acid and corrosion.
 g - a ring of willpower (right hand)
 h - an amulet of guardian spirit (around neck)
 k - a +4 ring of protection (left hand)
 z - a ring of flight
 J - an amulet of regeneration
 K - a +6 ring of dexterity
 N - a ring of resist corrosion
Wands
 b - a wand of digging (2)
 v - a wand of mindburst (10)
 A - a wand of acid (1) (quivered)
 B - a wand of polymorph (14)
 C - a wand of flame (22)
 P - a wand of iceblast (9)
 S - a wand of paralysis (6)
Scrolls
 e - a scroll of holy word
 f - 3 scrolls of immolation
 i - 2 scrolls of noise
 n - 5 scrolls of teleportation
 q - 2 scrolls of fog
 u - 2 scrolls of blinking
 x - 2 scrolls of amnesia
 Q - 2 scrolls of magic mapping
Potions
 j - 4 potions of mutation
 m - 3 potions of flight
 o - a potion of berserk rage
 p - 2 potions of might
 r - 3 potions of attraction
 s - 3 potions of cancellation
 G - 4 potions of brilliance
 I - 6 potions of curing
 L - a potion of ambrosia {unknown}
 M - a potion of haste


   Skills:
 + Level 11.3 Fighting
 + Level 9.3 Short Blades
 + Level 9.3 Long Blades
 + Level 9.3 Axes
 + Level 9.3 Maces & Flails
 + Level 11.3 Polearms
 + Level 9.3 Staves
 + Level 9.3 Slings
 + Level 9.3 Bows
 + Level 9.3 Crossbows
 + Level 9.3 Throwing
 + Level 9.3 Armour
 + Level 11.3 Dodging
 + Level 10.2 Stealth
 + Level 9.3 Shields
 + Level 9.3 Unarmed Combat
 + Level 9.3 Spellcasting
 + Level 7.7 Conjurations
 + Level 7.7 Hexes
 + Level 7.7 Summonings
 + Level 7.7 Necromancy
 + Level 7.7 Translocations
 + Level 7.7 Transmutations
 + Level 7.7 Fire Magic
 + Level 7.7 Ice Magic
 + Level 7.7 Air Magic
 + Level 7.7 Earth Magic
 + Level 7.7 Poison Magic
 + Level 10.1 Invocations
 + Level 9.3 Evocations


You had 22 spell levels left.
You knew the following spells:

 Your Spells              Type           Power      Damage    Failure   Level
a - Inner Flame           Hex/Fire       20%        N/A       1%          3
b - Conjure Flame         Conj/Fire      20%        6-21      1%          3
c - Portal Projectile     Hex/Tloc       40%        N/A       1%          3

Your spell library contained the following spells:

 Spells                   Type           Power      Damage    Failure   Level
 Animate Skeleton         Necr           40%        N/A       1%          1
 Apportation              Tloc           40%        N/A       1%          1
 Foxfire                  Conj/Fire      80%        2x1d8     1%          1
 Summon Small Mammal      Summ           80%        N/A       1%          1
 Ensorcelled Hibernation  Hex/Ice        40%        N/A       1%          2
 Scorch                   Fire           40%        2d7       1%          2
 Static Discharge         Conj/Air       20%        N/A       1%          2
 Spider Form              Tmut/Pois      20%        N/A       1%          3
 Anguish                  Hex/Necr       10%        N/A       6%          4
 Dispel Undead            Necr           20%        3d11      6%          4
 Flame Wave               Conj/Fire      20%        2d7       6%          4
 Sticky Flame             Conj/Fire      20%        2d4       6%          4
 Blade Hands              Tmut           10%        N/A       17%         5
 Excruciating Wounds      Necr           10%        N/A       17%         5
 Dispersal                Tloc           10%        N/A       67%         6
 Summon Cactus Giant      Summ           10%        N/A       67%         6
 Malign Gateway           Summ/Tloc      10%        N/A       99%         7
 Disjunction              Tloc           10%        N/A       100%        8
 Summon Horrible Things   Summ           10%        N/A       100%        8


Dungeon Overview and Level Annotations

Branches:
Dungeon (9/15)             Temple (1/1) D:4            Lair (6/6) D:9
  Swamp (0/4) Lair:4        Snake (1/4) Lair:4        Slime (0/5) Lair:5
  Sewer (visited)
    Orc: D:9-12

Altars:
Ashenzari
Cheibriados
Dithmenos
Elyvilon
Fedhas
Gozag
Hepliaklqana
Kikubaaqudgha
Makhleb
Nemelex Xobeh
Okawaru
Qazlal
Ru
Sif Muna
Trog
Uskayaw
Vehumet
Wu Jian
Xom
Yredelemnul
Zin
The Shining One

Shops:
D:3 *=*(!

Annotations:
Lair:1 3 runed translucent doors, H0rd4k's ghost, journeyman HuAr; Sheol's ghost, journeyman MiBe; kalagan's ghost, journeyman DECj; spica's ghost, journeyman DgTm


Innate Abilities, Weirdness & Mutations

Your life essence is reduced to manifest your ancestor. (-10% HP)
You have very sharp teeth.
Your uncanny sense of smell can sniff out nearby items.
Your experience applies equally to all skills.
You have a somewhat thin skeletal structure. (Dex +2, Stealth+)
You possess an exceptional clarity of mind.


Message History

The arc of chaos hits the withered plant!
The withered plant is lightly damaged.
The arc of chaos hits the dire elephant!
The dire elephant is severely wounded.
The arc of chaos hits the withered plant.
You heal the withered plant.
The withered plant is completely healed.
The arc of chaos hits the withered plant.
The withered plant is lightly damaged.
The dire elephant is severely wounded.
The dire elephant tramples you!
* * * LOW HITPOINT WARNING * * *
You stumble backwards!
You hit the dire elephant but do no damage.
You bite the dire elephant, but do no damage.
The dire elephant is severely wounded.
Something grabs the withered plant.
Something bites the withered plant!!
The withered plant is constricted.
Something bites the withered plant.
The withered plant is constricted.
The dire elephant tramples you but does no damage.
The dire elephant trunk-slaps you but does no damage.
Something completely misses the withered plant.
The withered plant is constricted.
Unknown command.
Unknown command.
You sock the dire elephant! You freeze the dire elephant.
The dire elephant is severely wounded.
Something bites the withered plant.
The withered plant is constricted.
The dire elephant tramples you.
* * * LOW HITPOINT WARNING * * *
You hold your ground!
The dire elephant misses you.
Something bites the withered plant!
The withered plant is constricted.
The withered plant crumbles away.
Something loses its grip on the withered plant.
The dire elephant tramples you!
* * * LOW HITPOINT WARNING * * *
You hold your ground!
The dire elephant completely misses you.
Something grabs you. Something bites you!
You die...

##'####.##......
#8.8#...#♣......
###...#.###.......
##.#..##.##........
#..'..#..#♣........
##..'..#.##♣........
##..#####.#
♣P....#..
#..Y.'....#
#♣...PP†.
##..@'..### #.......
#...##8..+ #♣.P..†.
##..P##### #..P...
#..## #.P.##. #P.#
#.##... ♣P.. #..##..
♣♣P. ∆ ♣...##. ♣♣.
#.P.##. ∆ #♣.#####


You could see a dire elephant (drained).

Vanquished Creatures
  A dire elephant (Lair:6)
  An ice dragon (Lair:3)
  7 hydras
  A catoblepas (Lair:3)
  6 death yaks
  Pikel (D:3)
  3 bog bodies (Lair:4)
  A lindwurm (Lair:3)
  A necromancer (Lair:6)
  2 elephants (Lair:6)
  5 black mambas
  Joseph (D:8)
  12 cane toads
  2 rime drakes
  11 komodo dragons
  5 polar bears
  A spectral elephant (Lair:6)
  9 blink frogs
  A dire elephant simulacrum (Lair:6)
  25 yaks
  Eustachio (D:4)
  A death yak simulacrum (Lair:6)
  4 wyverns
  4 basilisks
  Edmund (D:6)
  A naga (Lair:4)
  A swamp worm (Lair:4)
  A spectral cane toad (Lair:6)
  An acid dragon (D:9)
  15 water moccasins
  A black bear (Lair:2)
  2 sky beasts
  An orc warrior (D:9)
  An ice beast (D:6)
  8 wolves
  A centaur (D:7)
  A lemure (D:4)
  13 bullfrogs
  A wyvern skeleton (D:6)
  9 killer bees
  An electric eel (Lair:3)
  8 orc priests
  A hound (D:4)
  An iguana (D:4)
  5 orc wizards
  3 hell rats
  10 gnolls
  4 adders
  A shadow imp (D:8)
  A white imp (D:6)
  14 orcs
  4 bats
  7 endoplasms
  4 giant cockroaches
  5 goblins
  4 hobgoblins
  4 jackals
  2 quokkas
  4 ball pythons
  A frilled lizard (D:1)
  8 kobolds
  12 rats
268 creatures vanquished.

Vanquished Creatures (collateral kills)
  3 hydras
  3 death yaks
  A bog body (Lair:4)
  An oklob plant (Lair:1)
  2 black mambas
  2 elephants (Lair:6)
  4 cane toads
  An unseen horror (D:6)
  A rime drake (Lair:3)
  2 komodo dragons
  3 polar bears
  Prince Ribbit (D:9)
  4 blink frogs
  12 yaks
  A basilisk (D:8)
  2 wyverns
  A steam dragon (Lair:3)
  5 water moccasins
  Duvessa (D:5)
  A naga (Lair:4)
  An ice beast (D:8)
  A black bear (D:7)
  An elephant zombie (Lair:6)
  5 necrophages
  An ogre (D:5)
  4 wolves (Lair:2)
  An elephant skeleton (Lair:6)
  A phantom (D:5)
  A kobold brigand (D:6)
  4 bullfrogs
  Blork the orc (D:5)
  2 gnoll sergeants (D:9)
  Dowan (D:5)
  A water moccasin skeleton (D:5)
  8 killer bees
  2 elephant simulacra (Lair:6)
  An electric eel (Lair:4)
  A centaur zombie (D:9)
  A gnoll shaman (D:8)
  An orc priest (D:7)
  5 orc wizards
  2 hell rats (Lair:5)
  A howler monkey zombie (D:9)
  2 adders
  4 gnolls
  A howler monkey skeleton (D:4)
  A river rat (Sewer)
  A shadow imp (D:5)
  A worm (D:4)
  9 orcs
  A jackal (D:4)
  3 kobolds (D:6)
  A rat (Sewer)
122 creatures vanquished.

Vanquished Creatures (others)
  14 knights
  21 fungi
  52 plants
  20 withered plants (Lair:6)
107 creatures vanquished.

Grand Total: 497 creatures vanquished

Notes
Turn   | Place    | Note
-------+----------+-------------------------------------------
     0 | D:1      | Gabide the Gnoll Monk began the quest for the Orb.
     0 | D:1      | Reached XP level 1. HP: 23/23 MP: 1/1
   631 | D:1      | Reached XP level 2. HP: 29/29 MP: 2/2
   796 | D:2      | Found a faded altar of an unknown god.
  1279 | D:2      | Reached skill level 1 in Invocations
  1279 | D:2      | Reached XP level 3. HP: 22/35 MP: 2/4
  1292 | D:2      | Reached skill level 1 in Short Blades
  1292 | D:2      | Reached skill level 1 in Long Blades
  1292 | D:2      | Reached skill level 1 in Axes
  1292 | D:2      | Reached skill level 1 in Maces & Flails
  1292 | D:2      | Reached skill level 1 in Staves
  1292 | D:2      | Reached skill level 1 in Slings
  1292 | D:2      | Reached skill level 1 in Bows
  1292 | D:2      | Reached skill level 1 in Crossbows
  1292 | D:2      | Reached skill level 1 in Throwing
  1292 | D:2      | Reached skill level 1 in Armour
  1292 | D:2      | Reached skill level 1 in Shields
  1292 | D:2      | Reached skill level 1 in Unarmed Combat
  1292 | D:2      | Reached skill level 1 in Spellcasting
  1292 | D:2      | Reached skill level 1 in Evocations
  1527 | D:2      | Found a shadowy altar of Dithmenos.
  1760 | D:2      | Reached XP level 4. HP: 38/41 MP: 5/5
  1799 | D:2      | Reached skill level 1 in Conjurations
  1799 | D:2      | Reached skill level 1 in Hexes
  1799 | D:2      | Reached skill level 1 in Summonings
  1799 | D:2      | Reached skill level 1 in Necromancy
  1799 | D:2      | Reached skill level 1 in Translocations
  1799 | D:2      | Reached skill level 1 in Transmutations
  1799 | D:2      | Reached skill level 1 in Fire Magic
  1799 | D:2      | Reached skill level 1 in Ice Magic
  1799 | D:2      | Reached skill level 1 in Air Magic
  1799 | D:2      | Reached skill level 1 in Earth Magic
  1799 | D:2      | Reached skill level 1 in Poison Magic
  1934 | D:3      | Found Emizxic's Antique Weapon Shoppe.
  1976 | D:3      | Reached XP level 5. HP: 47/47 MP: 6/6
  2072 | D:3      | Found Tuikk's Assorted Antiques.
  2081 | D:3      | Bought a scroll labelled NUHAUW NOGACH for 15 gold pieces
  2081 | D:3      | Bought a sedimented brown potion for 13 gold pieces
  2081 | D:3      | Bought a scroll labelled QIV CELUFEPA for 15 gold pieces
  2081 | D:3      | Bought a scroll labelled NUHAUW NOGACH for 15 gold pieces
  2081 | D:3      | Bought a scroll labelled EHINTE PUICS for 15 gold pieces
  2174 | D:3      | Found Sigrisuc's Distillery.
  2219 | D:3      | Found Igrun's Jewellery Shoppe.
  2307 | D:3      | Found Zojumy's Assorted Antiques.
  2592 | D:4      | Found a staircase to the Ecumenical Temple.
  2601 | Temple   | Entered the Ecumenical Temple
  2837 | Temple   | Became a worshipper of Hepliaklqana the Forgotten
  2837 | Temple   | Reached * piety under Hepliaklqana
  2837 | Temple   | Reached ** piety under Hepliaklqana
  2838 | Temple   | Remembered your ancestor Noziphe as a knight
  3091 | D:4      | Found a glowing drain.
  3116 | Sewer    | Entered a sewer
  3333 | D:4      | Reached XP level 6. HP: 41/47 MP: 8/8
  3389 | D:4      | Found a burning altar of Makhleb.
  3428 | D:4      | Noticed Pikel
  3492 | D:3      | Killed Pikel
  3493 | D:3      | Reached skill level 5 in Stealth
  3493 | D:3      | Reached XP level 7. HP: 15/54 MP: 5/11
  3926 | D:4      | Noticed Eustachio
  3954 | D:4      | Killed Eustachio
  3955 | D:4      | Reached XP level 8. HP: 47/60 MP: 7/12
  4202 | D:5      | Entered Level 5 of the Dungeon
  4227 | D:5      | Noticed Blork the orc
  4233 | D:5      | Killed Blork the orc
  4543 | D:5      | Gained mutation: You possess an exceptional clarity of
                  | mind. [potion of mutation]
  4543 | D:5      | Gained mutation: You have a somewhat thin skeletal
                  | structure. (Dex +2, Stealth+) [potion of mutation]
  5201 | D:5      | Noticed Duvessa
  5201 | D:5      | Noticed Dowan
  5207 | D:5      | Killed Duvessa
  5208 | D:5      | Reached XP level 9. HP: 64/64 MP: 14/14
  5217 | D:5      | Killed Dowan
  5227 | D:5      | Found a radiant altar of Vehumet.
  5582 | D:6      | Reached *** piety under Hepliaklqana
  5596 | D:6      | Noticed Edmund
  5613 | D:6      | Killed Edmund
  5914 | D:6      | Killed an unseen horror
  6228 | D:7      | Reached skill level 5 in Invocations
  6528 | D:7      | Reached **** piety under Hepliaklqana
  6871 | D:7      | Reached XP level 10. HP: 67/72 MP: 14/17
  7664 | D:8      | Reached skill level 5 in Short Blades
  7664 | D:8      | Reached skill level 5 in Long Blades
  7664 | D:8      | Reached skill level 5 in Axes
  7664 | D:8      | Reached skill level 5 in Maces & Flails
  7664 | D:8      | Reached skill level 5 in Staves
  7664 | D:8      | Reached skill level 5 in Slings
  7664 | D:8      | Reached skill level 5 in Bows
  7664 | D:8      | Reached skill level 5 in Crossbows
  7664 | D:8      | Reached skill level 5 in Throwing
  7664 | D:8      | Reached skill level 5 in Armour
  7664 | D:8      | Reached skill level 5 in Shields
  7664 | D:8      | Reached skill level 5 in Unarmed Combat
  7664 | D:8      | Reached skill level 5 in Spellcasting
  7664 | D:8      | Reached skill level 5 in Evocations
  7707 | D:8      | Reached ***** piety under Hepliaklqana
  7940 | D:8      | Noticed Joseph
  7953 | D:8      | Killed Joseph
  8353 | D:9      | Found a staircase to the Lair.
  9038 | D:9      | Noticed Prince Ribbit
  9043 | D:9      | Killed Prince Ribbit
  9044 | D:9      | Reached XP level 11. HP: 78/78 MP: 19/19
  9440 | Lair:1   | Entered Level 1 of the Lair of Beasts
  9464 | Lair:1   | Reached skill level 5 in Conjurations
  9464 | Lair:1   | Reached skill level 5 in Hexes
  9464 | Lair:1   | Reached skill level 5 in Summonings
  9464 | Lair:1   | Reached skill level 5 in Necromancy
  9464 | Lair:1   | Reached skill level 5 in Translocations
  9464 | Lair:1   | Reached skill level 5 in Transmutations
  9464 | Lair:1   | Reached skill level 5 in Fire Magic
  9464 | Lair:1   | Reached skill level 5 in Ice Magic
  9464 | Lair:1   | Reached skill level 5 in Air Magic
  9464 | Lair:1   | Reached skill level 5 in Earth Magic
  9464 | Lair:1   | Reached skill level 5 in Poison Magic
  9472 | Lair:1   | Found a runed translucent gate.
  9472 | Lair:1   | Found a runed translucent gate.
  9472 | Lair:1   | Found a runed translucent gate.
  9483 | Lair:1   | Learned a level 3 spell: Inner Flame
  9487 | Lair:1   | Learned a level 3 spell: Conjure Flame
  9491 | Lair:1   | Learned a level 3 spell: Portal Projectile
  9495 | Lair:1   | Noticed spica's ghost (journeyman DgTm)
 10274 | Lair:1   | Noticed an oklob plant
 10274 | Lair:1   | Found the +7 mace of Variability {chain chaos}
 10310 | Lair:1   | Killed an oklob plant
 10590 | Lair:1   | Noticed kalagan's ghost (journeyman DECj)
 10592 | Lair:1   | Noticed Sheol's ghost (journeyman MiBe)
 10592 | Lair:1   | Noticed H0rd4k's ghost (journeyman HuAr)
 10593 | Lair:1   | Found the +7 Singing Sword {vorpal, sonic wave}
 11175 | Lair:2   | Reached XP level 12. HP: 86/86 MP: 22/22
 11240 | Lair:2   | Noticed a seven-headed hydra
 11254 | Lair:2   | Killed a seven-headed hydra
 12189 | D:3      | Bought a twitching tin ring for 120 gold pieces
 12189 | D:3      | Identified the ring of Departure {+Blink rPois rCorr} (You
                  | bought it in a shop on level 3 of the Dungeon)
 12191 | D:3      | Bought a scroll labelled GEISUI INADOK for 24 gold pieces
 12327 | D:3      | Bought 2 potions of curing for 66 gold pieces
 12327 | D:3      | Bought a potion of invisibility for 88 gold pieces
 12327 | D:3      | Bought a potion of haste for 110 gold pieces
 12327 | D:3      | Bought a potion of curing for 33 gold pieces
 12327 | D:3      | Bought a potion of cancellation for 88 gold pieces
 12890 | Lair:3   | Noticed a four-headed hydra
 12916 | Lair:3   | Killed a four-headed hydra
 13141 | Lair:3   | Identified a scroll of acquirement
 13141 | Lair:3   | Acquired a +2 glaive of flaming
 13369 | Lair:3   | Noticed an eight-headed hydra
 13381 | Lair:3   | Killed a three-headed hydra
 13666 | Lair:3   | Reached skill level 10 in Fighting
 13666 | Lair:3   | Reached skill level 10 in Polearms
 13666 | Lair:3   | Reached skill level 10 in Dodging
 14709 | Lair:3   | Reached ****** piety under Hepliaklqana
 14813 | Lair:3   | Noticed a boulder beetle
 14813 | Lair:3   | Noticed a catoblepas
 14844 | Lair:3   | Killed a catoblepas
 14855 | Lair:3   | Reached XP level 13. HP: 41/92 MP: 14/24
 14902 | Lair:3   | Noticed an ice dragon
 14902 | Lair:3   | a boulder beetle changed into an ice dragon
 14909 | Lair:3   | Killed an ice dragon
 15820 | Lair:4   | Found a staircase to the Swamp.
 16154 | Lair:4   | Found a staircase to the Snake Pit.
 17232 | Snake:1  | Entered Level 1 of the Snake Pit
 17373 | Lair:5   | Found a staircase to the Slime Pits.
 18071 | Lair:6   | Entered Level 6 of the Lair of Beasts
 18538 | Lair:6   | Reached XP level 14. HP: 61/101 MP: 21/26
 18606 | Lair:6   | Reached skill level 10 in Stealth
 19439 | Lair:5   | Reached skill level 10 in Invocations
 20160 | Lair:6   | Noticed a dire elephant
 20160 | Lair:6   | Noticed a dire elephant
 20563 | Lair:6   | Killed a dire elephant
 20579 | Lair:6   | HP: 2/97 [dire elephant (12)]
 20579 | Lair:6   | Mangled by a spectral anaconda

Illustrated notes

Levels and vault maps discovered:
D:1:      dpeg_arrival_round_b, layout_basic
D:2:      cheibrodos_pilgrimage, layout_rooms, chequers_ecumenical_altar_island,
          basic_altar
D:3:      layout_basic, serial_shops, nicolae_diamond_shop, shop_fountains,
          nicolae_lakefront_shop, shop, nicolae_lakefront_shop
D:4:      layout_loops_cross, lemuel_crystal_altar, minmay_temple_entry_glass,
          cheibrodos_sewer_entry_bend, uniq_pikel, uniq_eustachio
D:5:      layout_loops_ring, vehumet_altar_wand_db, serial_rivers,
          chequers_serial_rivers_micro_b, chequers_serial_rivers_micro_c,
          chequers_serial_rivers_micro_c, chequers_serial_rivers_room_a,
          chequers_serial_rivers_marsh, chequers_serial_rivers_large_a,
          minmay_holes, uniq_duvessa, uniq_blork_the_orc
D:6:      layout_basic, uniq_edmund
D:7:      layout_gridville, minmay_misc_feat_rugged
D:8:      layout_basic, uniq_joseph
D:9:      layout_roguey, minmay_lair_entry_grove, uniq_prince_ribbit1
Temple:   mainiacjoe_temple_big_plus
Lair:1:   layout_regular_city, gammafunk_ghost_cemetery,
          chequers_serial_rivers_small_a, st_stairs_11, minmay_lair_oklob_items
Lair:2:   layout_hall_layers, serial_bayou_shore_b, infiniplex_staircase_pool
Lair:3:   nzn_winding_woodlands_stair_cross
          [nzn_winding_woodlands_5x15_river_crossing,
          nzn_winding_woodlands_center_garden,
          nzn_winding_woodlands_5x15_zeroes, nzn_winding_woodlands_5x5_cross,
          nzn_winding_woodlands_5x5_default,
          nzn_winding_woodlands_5x15_sawtooth,
          nzn_winding_woodlands_center_triple_pond,
          nzn_winding_woodlands_5x15_sidewinder], layout_long_grid
Lair:4:   layout_cave_shapes, nicolae_swamp_entry_splash_gauntlet,
          minmay_snake_entry_guardpost_small, beast_lair_carwin_4
Lair:5:   layout_small_grid, slime_dummy
Lair:6:   due_jungle_book, layout_hall_layers, amcnicky_mini_pool_medium
Snake:1:  layout_basic, st_stairs_12

Skill      XL: |  1  2  3  4  5  6  7  8  9 10 11 12 13 14 |
---------------+-------------------------------------------+-----
Invocations    | 1 2 3 4 5 6 7 8 9 10 | 10.1
Short Blades   | 1 2 3 4 5 6 7 8 9 |  9.3
Long Blades    | 1 2 3 4 5 6 7 8 9 |  9.3
Axes           | 1 2 3 4 5 6 7 8 9 |  9.3
Maces & Flails | 1 2 3 4 5 6 7 8 9 |  9.3
Staves         | 1 2 3 4 5 6 7 8 9 |  9.3
Slings         | 1 2 3 4 5 6 7 8 9 |  9.3
Bows           | 1 2 3 4 5 6 7 8 9 |  9.3
Crossbows      | 1 2 3 4 5 6 7 8 9 |  9.3
Throwing       | 1 2 3 4 5 6 7 8 9 |  9.3
Armour         | 1 2 3 4 5 6 7 8 9 |  9.3
Shields        | 1 2 3 4 5 6 7 8 9 |  9.3
Unarmed Combat | 1 2 3 4 5 6 7 8 9 |  9.3
Spellcasting   | 1 2 3 4 5 6 7 8 9 |  9.3
Evocations     | 1 2 3 4 5 6 7 8 9 |  9.3
Conjurations   | 1 2 3 4 5 6 7 |  7.7
Hexes          | 1 2 3 4 5 6 7 |  7.7
Summonings     | 1 2 3 4 5 6 7 |  7.7
Necromancy     | 1 2 3 4 5 6 7 |  7.7
Translocations | 1 2 3 4 5 6 7 |  7.7
Transmutations | 1 2 3 4 5 6 7 |  7.7
Fire Magic     | 1 2 3 4 5 6 7 |  7.7
Ice Magic      | 1 2 3 4 5 6 7 |  7.7
Air Magic      | 1 2 3 4 5 6 7 |  7.7
Earth Magic    | 1 2 3 4 5 6 7 |  7.7
Poison Magic   | 1 2 3 4 5 6 7 |  7.7
Fighting       | 7 8 9 10 11 | 11.3
Polearms       | 7 8 9 10 11 | 11.3
Dodging        | 7 8 9 10 11 | 11.3
Stealth        | 5 6 7 8 9 10 | 10.2

Action                   |  1- 3 |  4- 6 |  7- 9 | 10-12 | 13-15 || total
-------------------------+-------+-------+-------+-------+-------++-------
Melee: Spear             |    99 |   159 |       |       |       ||   258
       Bite              |     5 |    13 |     7 |    36 |    50 ||   111
       Punch             |     1 |     2 |     2 |       |       ||     5
       Trident           |       |    31 |    78 |       |       ||   109
       Halberd           |       |       |    56 |   241 |       ||   297
       Unarmed           |       |       |     6 |       |       ||     6
       Great mace        |       |       |       |    95 |   199 ||   294
       Glaive            |       |       |       |    94 |   143 ||   237
Throw: Dart              |       |    14 |    56 |    41 |       ||   111
       Boomerang         |       |       |     3 |     2 |       ||     5
       Throwing net      |       |       |       |     1 |       ||     1
 Cast: Portal Projectile |       |       |       |    11 |       ||    11
Invok: Ancestor Life: Kn |       |     1 |       |       |       ||     1
       Ancestor Identity |       |     1 |       |       |       ||     1
       Recall Ancestor   |       |       |     1 |     2 |       ||     3
Evoke: Wand              |       |       |     1 |     4 |    13 ||    18
  Use: Potion            |     4 |       |     2 |     2 |     8 ||    16
       Scroll            |     1 |     4 |     4 |    13 |     2 ||    24
 Stab: Sleeping          |     4 |     6 |    11 |    16 |    14 ||    51
       Distracted        |       |     1 |     2 |     4 |     6 ||    13
       Petrified         |       |       |       |     4 |       ||     4
       Petrifying        |       |       |       |     2 |     2 ||     4
       Invisible         |       |       |       |       |     1 ||     1
       Paralysed         |       |       |       |       |     1 ||     1
Armor: Robe              |    21 |    14 |    10 |   170 |       ||   215
       Skin              |     4 |       |       |       |       ||     4
       Leather armour    |       |    20 |    51 |       |       ||    71
       Steam dragon scal |       |       |       |    12 |   221 ||   233
Dodge: Dodged            |    31 |    64 |   133 |   443 |   568 ||  1239
